Blackdemons vs Knights
Created - 1 avril 2016 at 19:06
Goals
|
| Blackdemons |
3 |
2 |
3 |
8 |
| Knights |
0 |
0 |
4 |
4 |
|
Shots
|
| Blackdemons |
10 |
12 |
11 |
33 |
| Knights |
8 |
3 |
18 |
29 |
|
1st period
1. Blackdemons , Zach Boychuk 51 (Enver Lisin, Barry Tallackson) at 9:49
2. Blackdemons , Patrice Cormier 19 (Richard Park, Eric Wellwood) at 12:04
3. Blackdemons , Enver Lisin 59 (Zach Boychuk, Richard Park) at 14:46
Penalties :
No Penalty
2nd period
4. Blackdemons , Barry Tallackson 43 (Shawn Matthias, Michael Haley) at 8:24 (PP)
5. Blackdemons , Barry Tallackson 44 (Matt Irwin, Michael Haley) at 15:22 (PP)
Penalties :
Chris Thorburn (Lon) for Holding (Minor) at 7:36, Chris Thorburn (Lon) for Roughing (Minor) at 8:37, Michael Raffl (Lon) for Boarding (Minor) at 12:19, A.J. Jenks (Lon) for Interference (Minor) at 14:50
3rd period
6. Knights , Tyler Seguin 25 (Garnet Exelby, A.J. Jenks) at 4:35
7. Blackdemons , Mathieu Dandenault 18 (Matt Irwin, Jakub Kindl) at 8:17
8. Blackdemons , Enver Lisin 60 (Matt Irwin, Steven Zalewski) at 11:40
9. Knights , Zack Hamill 42 (Chris Thorburn) at 11:54
10. Knights , James Wright 27 (Nikita Nikitin, Chris Thorburn) at 16:00
11. Knights , Zack Hamill 43 (Chris Thorburn, Niklas Hjalmarsson) at 17:41 (PP)
12. Blackdemons , Enver Lisin 61 (Matt Irwin, Zach Boychuk) at 17:55
Penalties :
Zach Boychuk (MJM) for High sticking (Minor) at 17:34
Goalie Stats
Chris Mason (MJM), 25 saves from 29 shots - (0,862), W, 36-12-5, 60:00 minutes
Mark Dekanich (Lon), 13 saves from 17 shots - (0,765), L, 3-6-1, 31:36 minutes
Jacob Markstrom (Lon), 12 saves from 16 shots - (0,750), 28:24 minutes
Players Stats for Blackdemons
Player Name G A P +/- PIM S H SB GA TA FO MP PP MP PK MP
------------------------------------------------------------------------------------
Andrew MacDonald 0 0 0 1 0 0 1 0 3 1 0/0 18:12 1:34 0:00
Barry Tallackson 2 1 3 -1 0 2 2 3 0 1 0/1 18:05 2:19 0:07
Ben Maxwell 0 0 0 0 0 0 0 0 0 0 0/1 0:25 0:16 0:00
Bryan Rust 0 0 0 0 0 0 0 0 0 0 0/0 0:00 0:00 0:00
Calvin de Haan 0 0 0 1 0 0 0 0 0 0 0/0 5:52 0:00 0:00
Charles-Olivier Roussel 0 0 0 1 0 0 0 0 0 0 0/0 5:52 0:00 0:00
Dan Bertram 0 0 0 0 0 0 0 0 0 0 0/0 0:25 0:16 0:00
Enver Lisin 3 1 4 3 0 10 0 1 1 0 1/2 25:22 2:40 0:07
Eric Wellwood 0 1 1 0 0 0 3 0 0 0 0/0 14:12 0:00 0:00
Igor Makarov 0 0 0 1 0 0 0 0 0 0 0/0 2:28 0:19 0:00
Jakub Kindl 0 1 1 1 0 2 2 2 1 1 0/0 25:22 3:44 0:07
Jeffrey Foss 0 0 0 0 0 0 0 1 0 0 0/0 10:34 0:00 0:00
Mathieu Dandenault 1 0 1 2 0 3 0 0 0 0 0/1 8:00 0:00 0:00
Matt Hunwick 0 0 0 1 0 2 1 1 0 0 0/0 18:12 1:34 0:00
Matt Irwin 0 4 4 1 0 2 0 2 0 0 0/0 25:22 3:44 0:07
Michael Haley 0 2 2 -1 0 0 4 0 0 0 0/0 17:58 2:19 0:00
Nicolas Deschamps 0 0 0 0 0 0 0 0 0 0 0/0 0:00 0:00 0:00
Patrice Cormier 1 0 1 0 0 1 1 0 1 0 1/6 14:12 0:00 0:00
Richard Park 0 2 2 0 0 4 1 0 0 0 0/0 14:12 0:00 0:00
Scott Timmins 0 0 0 0 0 0 0 0 0 0 0/0 0:00 0:00 0:00
Shawn Matthias 0 1 1 -1 0 1 2 1 1 0 2/7 17:58 2:19 0:00
Steve Oleksy 0 0 0 0 0 0 0 1 1 1 0/0 10:34 0:00 0:00
Steven Zalewski 0 1 1 2 0 0 1 1 0 0 2/6 8:00 0:00 0:00
Wayne Primeau 0 0 0 2 0 4 1 0 0 0 20/32 19:18 2:43 0:00
Zach Boychuk 1 2 3 2 2 2 1 0 1 1 0/2 19:17 2:43 0:00
Players Stats for Knights
Player Name G A P +/- PIM S H SB GA TA FO MP PP MP PK MP
------------------------------------------------------------------------------------
A.J. Jenks 0 1 1 -1 2 2 2 0 1 0 0/0 13:22 0:00 0:00
Aaron Palushaj 0 0 0 -1 0 1 3 0 0 0 0/0 13:23 0:00 0:00
Chris Thorburn 0 3 3 -1 4 5 1 0 1 0 2/5 23:53 0:07 1:22
Cody Almond 0 0 0 0 0 0 0 0 0 0 0/0 0:00 0:00 0:00
Colton Gillies 0 0 0 0 0 0 0 0 0 0 0/0 6:35 0:00 0:00
Eric Gelinas 0 0 0 0 0 0 0 1 0 1 0/0 18:30 0:00 2:35
Garnet Exelby 0 1 1 0 0 0 1 2 1 1 0/0 18:30 0:00 2:35
James Wright 1 0 1 0 0 2 0 1 0 0 4/8 17:39 0:00 0:56
Jason Zucker 0 0 0 0 0 0 0 0 0 0 2/4 1:46 0:00 1:36
Josh Jooris 0 0 0 0 0 0 0 0 0 1 0/2 6:35 0:00 0:00
Kevin Hayes 0 0 0 0 0 2 0 0 0 1 1/1 16:43 0:00 0:00
Kyle Greentree 0 0 0 -2 0 1 2 0 0 0 2/3 20:39 0:07 3:09
Magnus Paajarvi-Svensson 0 0 0 -1 0 0 0 0 0 0 0/0 3:22 0:00 0:58
Michael Raffl 0 0 0 0 2 2 1 0 1 0 0/0 17:07 0:00 0:15
Michael Stone 0 0 0 0 0 0 0 0 0 0 0/0 0:00 0:00 0:00
Nicklas Grossman 0 0 0 -1 0 0 0 1 0 0 0/0 5:32 0:00 0:00
Nikita Nikitin 0 1 1 0 0 0 0 0 1 0 0/0 11:09 0:00 0:00
Niklas Hjalmarsson 0 1 1 -2 0 2 0 1 0 1 0/0 24:49 0:07 2:43
Philip Varone 0 0 0 0 0 0 0 0 0 0 1/1 1:23 0:00 1:02
Ronalds Kenins 0 0 0 0 0 0 0 0 0 0 0/0 0:00 0:00 0:00
Scott Lehman 0 0 0 -1 0 0 0 0 0 0 0/0 5:32 0:00 0:00
Tomas Kundratek 0 0 0 0 0 1 0 0 0 1 0/0 11:09 0:00 0:00
Tyler Seguin 1 0 1 -1 0 2 1 0 0 1 3/4 13:45 0:00 0:22
Zack Hamill 2 0 2 -2 0 5 1 0 0 0 17/30 18:26 0:07 0:56
Zbynek Michalek 0 0 0 -2 0 4 5 1 0 2 0/0 24:49 0:07 2:43
3 Stars
1 - Enver Lisin (MJM)
2 - Barry Tallackson (MJM)
3 - Matt Irwin (MJM)
Power Play
Blackdemons - 2 on 4 Attempt(s) - 50,00%
Knights - 1 on 1 Attempt(s) - 100,00%
Penalty Kill
Blackdemons - 0 on 1 Attempt(s) - 0,00%
- Score 0 goal in Penalty Kill
Knights - 2 on 4 Attempt(s) - 50,00%
- Score 0 goal in Penalty Kill
Team Stat
Blackdemons - Hits : 20 - Faceoff Wins : 26 - Blocked Shots : 13 - Penalty Minutes : 2
Knights - Hits : 17 - Faceoff Wins : 32 - Blocked Shots : 7 - Penalty Minutes : 8
Official
Referees : Rooney Chris and Watson Brad
Linesman : Derek Amell and Ryan Galloway
Game Notes
Mark Dekanich enters game at 8:24 of 2nd period
Enver Lisin has scored a Hat Trick!
Finance
Level 1 -- Attendance: 1556 (77,80%) -- Ticket Income 54 460 $
Level 2 -- Attendance: 747 (74,70%) -- Ticket Income 14 940 $
Total Attendance: 2303 (76,77%)
Total Ticket Income: 69 400 $
Other Income: 3 470 $
Total Income: 72 870 $
Blackdemons
5 vs 5 Forward
Center Left Wing Right Wing Time % Phy DF OF
1 Wayne Primeau Zach Boychuk Enver Lisin 40 1 2 2
2 Shawn Matthias Michael Haley Barry Tallackson 30 1 2 2
3 Patrice Cormier Eric Wellwood Richard Park 20 1 2 2
4 Steven Zalewski Enver Lisin Mathieu Dandenault 10 1 2 2
5 vs 5 Defense
Defense Defense Time % Phy DF OF
1 Jakub Kindl Matt Irwin 40 1 2 2
2 Matt Hunwick Andrew MacDonald 30 1 2 2
3 Steve Oleksy Jeffrey Foss 20 1 2 2
4 Calvin de Haan Charles-Olivier Roussel 10 1 2 2
PowerPlay Forward
Center Left Wing Right Wing Time % Phy DF OF
1 Wayne Primeau Zach Boychuk Enver Lisin 60 1 2 2
2 Shawn Matthias Michael Haley Barry Tallackson 40 1 2 2
PowerPlay Defense
Defense Defense Time % Phy DF OF
1 Jakub Kindl Matt Irwin 60 1 2 2
2 Matt Hunwick Andrew MacDonald 40 1 2 2
Penalty Kill 4 Players Forward
Center Wing Time % Phy DF OF
1 Enver Lisin Barry Tallackson 60 1 2 2
2 Wayne Primeau Richard Park 40 1 2 2
Penalty Kill 4 Players Defense
Defense Defense Time % Phy DF OF
1 Jakub Kindl Matt Irwin 60 1 2 2
2 Matt Hunwick Andrew MacDonald 40 1 2 2
Penalty Kill - 3 Players Forward
Forward Time % Phy DF OF
1 Enver Lisin 60 1 2 2
2 Barry Tallackson 40 1 2 2
Penalty Kill - 3 Players Defense
Defense Defense Time % Phy DF OF
1 Jakub Kindl Matt Irwin 60 1 2 2
2 Matt Hunwick Andrew MacDonald 40 1 2 2
4 vs 4 Forward
Center Wing Time % Phy DF OF
1 Enver Lisin Barry Tallackson 60 1 2 2
2 Wayne Primeau Richard Park 40 1 2 2
4 vs 4 Defense
Defense Defense Time % Phy DF OF
1 Jakub Kindl Matt Irwin 60 1 2 2
2 Matt Hunwick Andrew MacDonald 40 1 2 2
Last Minutes Offensive
Center Left Wing Right Wing Defense Defense
Wayne Primeau Zach Boychuk Enver Lisin Jakub Kindl Matt Irwin
Last Minutes Defensive
Center Left Wing Right Wing Defense Defense
Wayne Primeau Zach Boychuk Enver Lisin Jakub Kindl Matt Irwin
Goaltenders
Starting : Chris Mason
Backup : Andrew Hammond
Extra Forwards
Normal : Igor Makarov, Ben Maxwell, Scott Timmins - PP : Igor Makarov, Ben Maxwell - PK : Scott Timmins
Extra Defensemen
Normal : Steve Oleksy, Jeffrey Foss, Calvin de Haan - PP : Steve Oleksy - PK : Jeffrey Foss, Calvin de Haan
Penalty Shots
Enver Lisin, Barry Tallackson, Wayne Primeau, Richard Park, Shawn Matthias
Knights
5 vs 5 Forward
Center Left Wing Right Wing Time % Phy DF OF
1 Zack Hamill Kyle Greentree Chris Thorburn 40 1 2 2
2 James Wright Michael Raffl Kevin Hayes 30 1 2 2
3 Tyler Seguin A.J. Jenks Aaron Palushaj 20 1 2 2
4 Josh Jooris Colton Gillies Chris Thorburn 10 1 2 2
5 vs 5 Defense
Defense Defense Time % Phy DF OF
1 Niklas Hjalmarsson Zbynek Michalek 40 1 2 2
2 Garnet Exelby Eric Gelinas 30 1 2 2
3 Nikita Nikitin Tomas Kundratek 20 1 2 2
4 Scott Lehman Nicklas Grossman 10 1 2 2
PowerPlay Forward
Center Left Wing Right Wing Time % Phy DF OF
1 Zack Hamill Kyle Greentree Chris Thorburn 60 1 2 2
2 James Wright Michael Raffl Kevin Hayes 40 1 2 2
PowerPlay Defense
Defense Defense Time % Phy DF OF
1 Niklas Hjalmarsson Zbynek Michalek 60 1 2 2
2 Garnet Exelby Eric Gelinas 40 1 2 2
Penalty Kill 4 Players Forward
Center Wing Time % Phy DF OF
1 Chris Thorburn Kyle Greentree 60 1 2 2
2 Zack Hamill James Wright 40 1 2 2
Penalty Kill 4 Players Defense
Defense Defense Time % Phy DF OF
1 Niklas Hjalmarsson Zbynek Michalek 60 1 2 2
2 Garnet Exelby Eric Gelinas 40 1 2 2
Penalty Kill - 3 Players Forward
Forward Time % Phy DF OF
1 Chris Thorburn 60 1 2 2
2 Kyle Greentree 40 1 2 2
Penalty Kill - 3 Players Defense
Defense Defense Time % Phy DF OF
1 Niklas Hjalmarsson Zbynek Michalek 60 1 2 2
2 Garnet Exelby Eric Gelinas 40 1 2 2
4 vs 4 Forward
Center Wing Time % Phy DF OF
1 Chris Thorburn Kyle Greentree 60 1 2 2
2 Zack Hamill James Wright 40 1 2 2
4 vs 4 Defense
Defense Defense Time % Phy DF OF
1 Niklas Hjalmarsson Zbynek Michalek 60 1 2 2
2 Garnet Exelby Eric Gelinas 40 1 2 2
Last Minutes Offensive
Center Left Wing Right Wing Defense Defense
Zack Hamill Kyle Greentree Chris Thorburn Niklas Hjalmarsson Zbynek Michalek
Last Minutes Defensive
Center Left Wing Right Wing Defense Defense
Zack Hamill Kyle Greentree Chris Thorburn Niklas Hjalmarsson Zbynek Michalek
Goaltenders
Starting : Jacob Markstrom
Backup : Mark Dekanich
Extra Forwards
Normal : Magnus Paajarvi-Svensson, Ronalds Kenins, Jason Zucker - PP : Magnus Paajarvi-Svensson, Ronalds Kenins - PK : Jason Zucker
Extra Defensemen
Normal : Michael Stone, Nikita Nikitin, Tomas Kundratek - PP : Michael Stone - PK : Nikita Nikitin, Tomas Kundratek
Penalty Shots
Chris Thorburn, Kyle Greentree, Zack Hamill, James Wright, Michael Raffl
% Time on Ice - Blackdemons
Lines # - Real PCT - Wanted PCT - Time Play
Normal Forward
1 - 31% - 40% - 16:44
2 - 29% - 30% - 15:39
3 - 26% - 20% - 14:12
4 - 15% - 10% - 8:00
Normal Defense
1 - 39% - 40% - 21:31
2 - 30% - 30% - 16:38
3 - 19% - 20% - 10:34
4 - 11% - 10% - 5:52
PP Forward
1 - 56% - 60% - 2:59
2 - 44% - 40% - 2:19
PP Defense
1 - 70% - 60% - 3:44
2 - 30% - 40% - 1:34
PK Forward
1 - 100% - 60% - 0:07
2 - 0% - 40% - 0:00
PK Defense
1 - 100% - 60% - 0:07
2 - 0% - 40% - 0:00
PK3 Forward
1 - 0% - 60%
2 - 0% - 40%
PK3 Defense
1 - 0% - 60%
2 - 0% - 40%
44 Forward
1 - 0% - 60%
2 - 0% - 40%
44 Defense
1 - 0% - 60%
2 - 0% - 40%
Last Minute Offensive - 0:00
Last Minute Defensive - 0:00
Total
Forward - 60:00
Defense - 60:00
|
% Time on Ice - Knights
Lines # - Real PCT - Wanted PCT - Time Play
Normal Forward
1 - 33% - 40% - 17:54
2 - 31% - 30% - 16:43
3 - 25% - 20% - 13:23
4 - 12% - 10% - 6:35
Normal Defense
1 - 40% - 40% - 21:59
2 - 29% - 30% - 15:55
3 - 20% - 20% - 11:09
4 - 10% - 10% - 5:32
PP Forward
1 - 100% - 60% - 0:07
2 - 0% - 40% - 0:00
PP Defense
1 - 100% - 60% - 0:07
2 - 0% - 40% - 0:00
PK Forward
1 - 82% - 60% - 4:22
2 - 18% - 40% - 0:56
PK Defense
1 - 51% - 60% - 2:43
2 - 49% - 40% - 2:35
PK3 Forward
1 - 0% - 60%
2 - 0% - 40%
PK3 Defense
1 - 0% - 60%
2 - 0% - 40%
44 Forward
1 - 0% - 60%
2 - 0% - 40%
44 Defense
1 - 0% - 60%
2 - 0% - 40%
Last Minute Offensive - 0:00
Last Minute Defensive - 0:00
Total
Forward - 60:00
Defense - 60:00
|
Play by Play
1st period
0:01 of 1st period - Zack Hamill wins face-off versus Zach Boychuk in neutral zone.
0:04 of 1st period - Matt Irwin is hit by Zbynek Michalek and loses puck.
0:25 of 1st period - Zbynek Michalek is hit by Jakub Kindl and loses puck.
0:36 of 1st period - Wrist shot by Shawn Matthias.
0:36 of 1st period - Shot Misses the Net.
0:38 of 1st period - Snap shot by Barry Tallackson.
0:38 of 1st period - Shot Misses the Net.
1:12 of 1st period - Wrist shot by Mathieu Dandenault.
1:12 of 1st period - Shot Misses the Net.
1:50 of 1st period - Icing by Nikita Nikitin.
1:51 of 1st period - James Wright wins face-off versus Patrice Cormier in Knights zone.
1:51 of 1st period - James Wright is hit by Patrice Cormier.
2:07 of 1st period - Snap shot by Michael Raffl.
2:07 of 1st period - Shot Misses the Net.
2:23 of 1st period - Snap shot by A.J. Jenks.
2:23 of 1st period - Stopped by Chris Mason without a rebound.
2:24 of 1st period - Tyler Seguin wins face-off versus Shawn Matthias in Blackdemons zone.
2:47 of 1st period - Snap shot by Tyler Seguin.
2:47 of 1st period - Shot Misses the Net.
2:58 of 1st period - Slapshot by Tyler Seguin.
2:58 of 1st period - Deflect By A.J. Jenks.
2:58 of 1st period - Stopped by Chris Mason without a rebound.
2:59 of 1st period - Zack Hamill wins face-off versus Wayne Primeau in Blackdemons zone.
3:26 of 1st period - Garnet Exelby is hit by Jakub Kindl and loses puck.
3:47 of 1st period - Snap shot by Chris Thorburn.
3:47 of 1st period - Shot Misses the Net.
4:11 of 1st period - Wrist shot by Barry Tallackson.
4:11 of 1st period - Shot Misses the Net.
4:35 of 1st period - Wrist shot by Michael Raffl.
4:35 of 1st period - Shot Misses the Net.
5:01 of 1st period - Wrist shot by Aaron Palushaj.
5:01 of 1st period - Shot Misses the Net.
5:06 of 1st period - Off-side.
5:07 of 1st period - Wayne Primeau wins face-off versus James Wright in neutral zone.
5:14 of 1st period - Snap shot by Enver Lisin.
5:14 of 1st period - Stopped by Jacob Markstrom without a rebound.
5:15 of 1st period - James Wright wins face-off versus Shawn Matthias in Knights zone.
5:33 of 1st period - Wrist shot by Michael Raffl.
5:33 of 1st period - Deflect By James Wright.
5:33 of 1st period - Shot Misses the Net.
5:33 of 1st period - Puck is out of play.
5:34 of 1st period - Wayne Primeau wins face-off versus Zack Hamill in Blackdemons zone.
5:40 of 1st period - Icing by Andrew MacDonald.
5:41 of 1st period - Wayne Primeau wins face-off versus Zack Hamill in Blackdemons zone.
6:20 of 1st period - A.J. Jenks is hit by Eric Wellwood and loses puck.
6:31 of 1st period - Michael Raffl is hit by Shawn Matthias and loses puck.
6:58 of 1st period - Snap shot by Enver Lisin.
6:58 of 1st period - Shot Misses the Net.
7:00 of 1st period - Snap shot by Wayne Primeau.
7:00 of 1st period - Stopped by Jacob Markstrom without a rebound.
7:01 of 1st period - Zack Hamill wins face-off versus Steven Zalewski in Knights zone.
7:24 of 1st period - James Wright is hit by Barry Tallackson and loses puck.
7:49 of 1st period - Snap shot by Richard Park.
7:49 of 1st period - Stopped by Jacob Markstrom without a rebound.
7:50 of 1st period - Zack Hamill wins face-off versus Wayne Primeau in Knights zone.
8:15 of 1st period - Michael Raffl is hit by Michael Haley and loses puck.
8:22 of 1st period - Slapshot by Michael Raffl.
8:22 of 1st period - Stopped by Chris Mason with a rebound.
8:24 of 1st period - Snap shot by Kevin Hayes.
8:24 of 1st period - Shot Misses the Net.
8:54 of 1st period - Snap shot by Enver Lisin.
8:54 of 1st period - Shot Blocked by Garnet Exelby.
8:56 of 1st period - Slapshot by Matt Irwin.
8:56 of 1st period - Shot Misses the Net.
8:58 of 1st period - Slapshot by Jakub Kindl.
8:58 of 1st period - Stopped by Jacob Markstrom without a rebound.
8:59 of 1st period - Zack Hamill wins face-off versus Steven Zalewski in Knights zone.
9:49 of 1st period - Snap shot by Zach Boychuk.
9:49 of 1st period - Goal by Zach Boychuk - Blackdemons : 1 - Knights : 0.
9:50 of 1st period - Wayne Primeau wins face-off versus Zack Hamill in neutral zone.
10:39 of 1st period - A.J. Jenks is hit by Barry Tallackson and loses puck.
11:15 of 1st period - Icing by Colton Gillies.
11:16 of 1st period - Zack Hamill wins face-off versus Steven Zalewski in Knights zone.
11:25 of 1st period - Slapshot by Enver Lisin.
11:25 of 1st period - Shot Blocked by Garnet Exelby.
11:27 of 1st period - Slapshot by Enver Lisin.
11:27 of 1st period - Deflect By Mathieu Dandenault.
11:27 of 1st period - Stopped by Jacob Markstrom without a rebound.
11:28 of 1st period - James Wright wins face-off versus Patrice Cormier in Knights zone.
11:37 of 1st period - Wrist shot by James Wright.
11:37 of 1st period - Deflect By Michael Raffl.
11:37 of 1st period - Stopped by Chris Mason with a rebound.
11:58 of 1st period - Snap shot by Eric Wellwood.
11:58 of 1st period - Shot Misses the Net.
12:00 of 1st period - Backhand shot by Richard Park.
12:00 of 1st period - Shot Blocked by Zbynek Michalek.
12:02 of 1st period - Snap shot by Patrice Cormier.
12:02 of 1st period - Shot Blocked by Niklas Hjalmarsson.
12:04 of 1st period - Wrist shot by Patrice Cormier.
12:04 of 1st period - Goal by Patrice Cormier - Blackdemons : 2 - Knights : 0.
12:05 of 1st period - Wayne Primeau wins face-off versus Zack Hamill in neutral zone.
13:21 of 1st period - Wrist shot by Colton Gillies.
13:21 of 1st period - Deflect By Chris Thorburn.
13:21 of 1st period - Stopped by Chris Mason with a rebound.
13:57 of 1st period - Slapshot by Shawn Matthias.
13:57 of 1st period - Stopped by Jacob Markstrom without a rebound.
13:58 of 1st period - Tyler Seguin wins face-off versus Barry Tallackson in Knights zone.
14:44 of 1st period - Slapshot by Zach Boychuk.
14:44 of 1st period - Shot Misses the Net.
14:46 of 1st period - Backhand shot by Enver Lisin.
14:46 of 1st period - Goal by Enver Lisin - Blackdemons : 3 - Knights : 0.
14:47 of 1st period - Kyle Greentree wins face-off versus Wayne Primeau in neutral zone.
14:54 of 1st period - Snap shot by Chris Thorburn.
14:54 of 1st period - Stopped by Chris Mason without a rebound.
14:55 of 1st period - Zack Hamill wins face-off versus Wayne Primeau in Blackdemons zone.
15:02 of 1st period - Backhand shot by Zack Hamill.
15:02 of 1st period - Shot Misses the Net.
15:04 of 1st period - Slapshot by Zbynek Michalek.
15:04 of 1st period - Stopped by Chris Mason without a rebound.
15:05 of 1st period - Wayne Primeau wins face-off versus Zack Hamill in Blackdemons zone.
15:30 of 1st period - Shawn Matthias is hit by Zbynek Michalek and loses puck.
16:02 of 1st period - Richard Park is hit by Aaron Palushaj and loses puck.
17:18 of 1st period - Slapshot by Richard Park.
17:18 of 1st period - Stopped by Jacob Markstrom with a rebound.
17:47 of 1st period - Steve Oleksy is hit by Chris Thorburn and loses puck.
18:22 of 1st period - Slapshot by Kevin Hayes.
18:22 of 1st period - Stopped by Chris Mason with a rebound.
19:06 of 1st period - Aaron Palushaj is hit by Andrew MacDonald.
19:46 of 1st period - Snap shot by Michael Raffl.
19:46 of 1st period - Shot Misses the Net.
19:55 of 1st period - Off-side.
19:56 of 1st period - Patrice Cormier wins face-off versus Tyler Seguin in neutral zone.
Goals for this period are 3 for Blackdemons vs 0 for Knights.
Shots for this period are 10 for Blackdemons vs 8 for Knights.
2nd period
0:01 of 2nd period - Wayne Primeau wins face-off versus Zack Hamill in neutral zone.
0:37 of 2nd period - Slapshot by Nikita Nikitin.
0:37 of 2nd period - Deflect By Kevin Hayes.
0:37 of 2nd period - Stopped by Chris Mason with a rebound.
0:49 of 2nd period - Tyler Seguin is hit by Richard Park and loses puck.
0:58 of 2nd period - Slapshot by Nikita Nikitin.
0:58 of 2nd period - Shot Misses the Net.
2:26 of 2nd period - Calvin de Haan is hit by Zbynek Michalek and loses puck.
3:01 of 2nd period - Snap shot by Wayne Primeau.
3:01 of 2nd period - Stopped by Jacob Markstrom without a rebound.
3:02 of 2nd period - Wayne Primeau wins face-off versus James Wright in Knights zone.
3:17 of 2nd period - Slapshot by Matt Irwin.
3:17 of 2nd period - Stopped by Jacob Markstrom without a rebound.
3:18 of 2nd period - Enver Lisin wins face-off versus Chris Thorburn in Knights zone.
4:09 of 2nd period - Jakub Kindl is hit by A.J. Jenks and loses puck.
4:14 of 2nd period - Wrist shot by A.J. Jenks.
4:14 of 2nd period - Shot Blocked by Matt Irwin.
4:16 of 2nd period - Slapshot by Eric Gelinas.
4:16 of 2nd period - Shot Blocked by Matt Irwin.
5:18 of 2nd period - Matt Hunwick is hit by Aaron Palushaj and loses puck.
5:58 of 2nd period - Patrice Cormier is hit by A.J. Jenks and loses puck.
6:27 of 2nd period - Snap shot by Niklas Hjalmarsson.
6:27 of 2nd period - Shot Blocked by Steven Zalewski.
7:09 of 2nd period - Wrist shot by Wayne Primeau.
7:09 of 2nd period - Stopped by Jacob Markstrom without a rebound.
7:10 of 2nd period - Shawn Matthias wins face-off versus James Wright in Knights zone.
7:13 of 2nd period - Snap shot by Barry Tallackson.
7:13 of 2nd period - Shot Misses the Net.
7:36 of 2nd period - Minor Penalty to Chris Thorburn for Holding.
7:37 of 2nd period - Wayne Primeau wins face-off versus Jason Zucker in Knights zone.
7:40 of 2nd period - Snap shot by Zach Boychuk.
7:40 of 2nd period - Stopped by Jacob Markstrom without a rebound.
7:41 of 2nd period - Wayne Primeau wins face-off versus Jason Zucker in Knights zone.
8:11 of 2nd period - Snap shot by Enver Lisin.
8:11 of 2nd period - Stopped by Jacob Markstrom without a rebound.
8:12 of 2nd period - Philip Varone wins face-off versus Shawn Matthias in Knights zone.
8:12 of 2nd period - Philip Varone is hit by Michael Haley.
8:24 of 2nd period - Snap shot by Barry Tallackson.
8:24 of 2nd period - Goal by Barry Tallackson - Blackdemons : 4 - Knights : 0.
8:24 of 2nd period - Mark Dekanich enters game.
8:25 of 2nd period - Chris Thorburn wins face-off versus Wayne Primeau in neutral zone.
8:37 of 2nd period - Minor Penalty to Chris Thorburn for Roughing.
8:38 of 2nd period - Jason Zucker wins face-off versus Wayne Primeau in Knights zone.
8:46 of 2nd period - Jason Zucker is hit by Zach Boychuk and loses puck.
9:03 of 2nd period - Jakub Kindl is hit by Zbynek Michalek and loses puck.
9:14 of 2nd period - Michael Haley is hit by Garnet Exelby and loses puck.
9:27 of 2nd period - Slapshot by Jakub Kindl.
9:27 of 2nd period - Shot Blocked by Eric Gelinas.
9:29 of 2nd period - Slapshot by Matt Irwin.
9:29 of 2nd period - Shot Misses the Net.
10:37 of 2nd period - Penalty to Chris Thorburn is over, Chris Thorburn is back on ice.
10:57 of 2nd period - Slapshot by Richard Park.
10:57 of 2nd period - Stopped by Mark Dekanich without a rebound.
10:58 of 2nd period - James Wright wins face-off versus Patrice Cormier in Knights zone.
11:09 of 2nd period - Tomas Kundratek is hit by Matt Hunwick and loses puck.
11:48 of 2nd period - Snap shot by A.J. Jenks.
11:48 of 2nd period - Shot Blocked by Jeffrey Foss.
12:11 of 2nd period - Wrist shot by James Wright.
12:11 of 2nd period - Shot Blocked by Enver Lisin.
12:19 of 2nd period - Minor Penalty to Michael Raffl for Boarding.
12:20 of 2nd period - Chris Thorburn wins face-off versus Shawn Matthias in Knights zone.
12:59 of 2nd period - Slapshot by Jakub Kindl.
12:59 of 2nd period - Stopped by Mark Dekanich with a rebound.
14:08 of 2nd period - Off-side.
14:09 of 2nd period - Jason Zucker wins face-off versus Ben Maxwell in neutral zone.
14:19 of 2nd period - Penalty to Michael Raffl is over, Michael Raffl is back on ice.
14:42 of 2nd period - Slapshot by Richard Park.
14:42 of 2nd period - Stopped by Mark Dekanich with a rebound.
14:50 of 2nd period - Minor Penalty to A.J. Jenks for Interference.
14:51 of 2nd period - Wayne Primeau wins face-off versus Chris Thorburn in Knights zone.
15:22 of 2nd period - Snap shot by Barry Tallackson.
15:22 of 2nd period - Goal by Barry Tallackson - Blackdemons : 5 - Knights : 0.
15:23 of 2nd period - Wayne Primeau wins face-off versus Chris Thorburn in neutral zone.
15:28 of 2nd period - Kyle Greentree is hit by Wayne Primeau and loses puck.
16:21 of 2nd period - Patrice Cormier is hit by Aaron Palushaj.
16:33 of 2nd period - Snap shot by Chris Thorburn.
16:33 of 2nd period - Stopped by Chris Mason with a rebound.
17:05 of 2nd period - Wrist shot by Enver Lisin.
17:05 of 2nd period - Stopped by Mark Dekanich without a rebound.
17:06 of 2nd period - Steven Zalewski wins face-off versus Josh Jooris in Knights zone.
17:11 of 2nd period - Wrist shot by Steven Zalewski.
17:11 of 2nd period - Deflect By Enver Lisin.
17:11 of 2nd period - Shot Misses the Net.
17:11 of 2nd period - Puck is out of play.
17:12 of 2nd period - Kevin Hayes wins face-off versus Zach Boychuk in Knights zone.
17:21 of 2nd period - Slapshot by Zbynek Michalek.
17:21 of 2nd period - Stopped by Chris Mason with a rebound.
18:02 of 2nd period - Aaron Palushaj is hit by Eric Wellwood and loses puck.
18:58 of 2nd period - Wrist shot by Enver Lisin.
18:58 of 2nd period - Stopped by Mark Dekanich with a rebound.
19:12 of 2nd period - Wrist shot by A.J. Jenks.
19:12 of 2nd period - Shot Misses the Net.
19:28 of 2nd period - Snap shot by James Wright.
19:28 of 2nd period - Shot Blocked by Barry Tallackson.
19:55 of 2nd period - Snap shot by Kyle Greentree.
19:55 of 2nd period - Shot Blocked by Matt Hunwick.
Goals for this period are 2 for Blackdemons vs 0 for Knights.
Shots for this period are 12 for Blackdemons vs 3 for Knights.
3rd period
0:01 of 3rd period - Wayne Primeau wins face-off versus Kyle Greentree in neutral zone.
0:04 of 3rd period - Slapshot by Matt Irwin.
0:04 of 3rd period - Shot Misses the Net.
0:34 of 3rd period - Snap shot by Zbynek Michalek.
0:34 of 3rd period - Shot Blocked by Shawn Matthias.
0:36 of 3rd period - Wrist shot by A.J. Jenks.
0:36 of 3rd period - Shot Blocked by Barry Tallackson.
0:38 of 3rd period - Slapshot by Niklas Hjalmarsson.
0:38 of 3rd period - Stopped by Chris Mason with a rebound.
0:40 of 3rd period - Wrist shot by Aaron Palushaj.
0:40 of 3rd period - Stopped by Chris Mason without a rebound.
0:41 of 3rd period - Zack Hamill wins face-off versus Patrice Cormier in Blackdemons zone.
1:36 of 3rd period - Tyler Seguin is hit by Michael Haley.
1:46 of 3rd period - A.J. Jenks is hit by Steven Zalewski and loses puck.
4:10 of 3rd period - Wrist shot by Zack Hamill.
4:10 of 3rd period - Stopped by Chris Mason with a rebound.
4:12 of 3rd period - Backhand shot by Zack Hamill.
4:12 of 3rd period - Stopped by Chris Mason with a rebound.
4:21 of 3rd period - Off-side.
4:22 of 3rd period - Tyler Seguin wins face-off versus Patrice Cormier in neutral zone.
4:31 of 3rd period - Wrist shot by Tyler Seguin.
4:31 of 3rd period - Stopped by Chris Mason with a rebound.
4:33 of 3rd period - Slapshot by A.J. Jenks.
4:33 of 3rd period - Shot Blocked by Steve Oleksy.
4:35 of 3rd period - Backhand shot by Garnet Exelby.
4:35 of 3rd period - Deflect By Tyler Seguin.
4:35 of 3rd period - Goal by Tyler Seguin - Blackdemons : 5 - Knights : 1.
4:36 of 3rd period - Wayne Primeau wins face-off versus Zack Hamill in neutral zone.
4:43 of 3rd period - Wrist shot by Enver Lisin.
4:43 of 3rd period - Deflect By Wayne Primeau.
4:43 of 3rd period - Stopped by Mark Dekanich with a rebound.
5:28 of 3rd period - Snap shot by Aaron Palushaj.
5:28 of 3rd period - Shot Misses the Net.
7:27 of 3rd period - Slapshot by Zack Hamill.
7:27 of 3rd period - Shot Blocked by Barry Tallackson.
7:29 of 3rd period - Backhand shot by Chris Thorburn.
7:29 of 3rd period - Shot Misses the Net.
8:01 of 3rd period - Snap shot by Zack Hamill.
8:01 of 3rd period - Deflect By Kyle Greentree.
8:01 of 3rd period - Shot Misses the Net.
8:01 of 3rd period - Puck is out of play.
8:02 of 3rd period - Zack Hamill wins face-off versus Mathieu Dandenault in Blackdemons zone.
8:05 of 3rd period - Backhand shot by Zack Hamill.
8:05 of 3rd period - Stopped by Chris Mason without a rebound.
8:06 of 3rd period - Steven Zalewski wins face-off versus Zack Hamill in Blackdemons zone.
8:13 of 3rd period - Slapshot by Matt Irwin.
8:13 of 3rd period - Shot Blocked by Nicklas Grossman.
8:15 of 3rd period - Wrist shot by Jakub Kindl.
8:15 of 3rd period - Shot Misses the Net.
8:17 of 3rd period - Slapshot by Matt Irwin.
8:17 of 3rd period - Deflect By Mathieu Dandenault.
8:17 of 3rd period - Goal by Mathieu Dandenault - Blackdemons : 6 - Knights : 1.
8:18 of 3rd period - Wayne Primeau wins face-off versus Zack Hamill in neutral zone.
8:45 of 3rd period - Shawn Matthias is hit by Michael Raffl and loses puck.
8:58 of 3rd period - Garnet Exelby is hit by Shawn Matthias.
9:27 of 3rd period - Snap shot by Enver Lisin.
9:27 of 3rd period - Stopped by Mark Dekanich without a rebound.
9:28 of 3rd period - Wayne Primeau wins face-off versus Josh Jooris in Knights zone.
9:39 of 3rd period - Slapshot by Josh Jooris.
9:39 of 3rd period - Shot Misses the Net.
9:41 of 3rd period - Snap shot by Tomas Kundratek.
9:41 of 3rd period - Stopped by Chris Mason without a rebound.
9:42 of 3rd period - Zack Hamill wins face-off versus Wayne Primeau in Blackdemons zone.
9:45 of 3rd period - Slapshot by Zack Hamill.
9:45 of 3rd period - Shot Misses the Net.
10:49 of 3rd period - Slapshot by Matt Irwin.
10:49 of 3rd period - Stopped by Mark Dekanich with a rebound.
11:07 of 3rd period - Jakub Kindl is hit by Kyle Greentree.
11:08 of 3rd period - Icing by Jakub Kindl.
11:09 of 3rd period - Zack Hamill wins face-off versus Steven Zalewski in Blackdemons zone.
11:12 of 3rd period - Slapshot by Chris Thorburn.
11:12 of 3rd period - Stopped by Chris Mason with a rebound.
11:30 of 3rd period - Snap shot by Enver Lisin.
11:30 of 3rd period - Stopped by Mark Dekanich with a rebound.
11:38 of 3rd period - Wrist shot by Enver Lisin.
11:38 of 3rd period - Shot Misses the Net.
11:40 of 3rd period - Slapshot by Enver Lisin.
11:40 of 3rd period - Goal by Enver Lisin - Blackdemons : 7 - Knights : 1.
11:41 of 3rd period - Zack Hamill wins face-off versus Shawn Matthias in neutral zone.
11:46 of 3rd period - Slapshot by Chris Thorburn.
11:46 of 3rd period - Shot Blocked by Jakub Kindl.
11:48 of 3rd period - Wrist shot by Chris Thorburn.
11:48 of 3rd period - Shot Misses the Net.
11:50 of 3rd period - Snap shot by Zack Hamill.
11:50 of 3rd period - Shot Blocked by Jakub Kindl.
11:54 of 3rd period - Snap shot by Zack Hamill.
11:54 of 3rd period - Goal by Zack Hamill - Blackdemons : 7 - Knights : 2.
11:55 of 3rd period - Zack Hamill wins face-off versus Wayne Primeau in neutral zone.
12:24 of 3rd period - Michael Raffl is hit by Michael Haley and loses puck.
12:33 of 3rd period - Shawn Matthias is hit by Zbynek Michalek and loses puck.
13:15 of 3rd period - Wayne Primeau is hit by Kyle Greentree and loses puck.
13:30 of 3rd period - Snap shot by Matt Hunwick.
13:30 of 3rd period - Stopped by Mark Dekanich with a rebound.
14:16 of 3rd period - Snap shot by Mathieu Dandenault.
14:16 of 3rd period - Shot Misses the Net.
14:18 of 3rd period - Slapshot by Mathieu Dandenault.
14:18 of 3rd period - Shot Misses the Net.
14:28 of 3rd period - Shawn Matthias is hit by Tyler Seguin and loses puck.
14:55 of 3rd period - Garnet Exelby is hit by Eric Wellwood and loses puck.
15:20 of 3rd period - Snap shot by Mathieu Dandenault.
15:20 of 3rd period - Stopped by Mark Dekanich with a rebound.
15:22 of 3rd period - Snap shot by Mathieu Dandenault.
15:22 of 3rd period - Shot Misses the Net.
15:24 of 3rd period - Slapshot by Matt Irwin.
15:24 of 3rd period - Shot Blocked by James Wright.
15:26 of 3rd period - Wrist shot by Mathieu Dandenault.
15:26 of 3rd period - Deflect By Steven Zalewski.
15:26 of 3rd period - Shot Misses the Net.
15:26 of 3rd period - Puck is out of play.
15:27 of 3rd period - Shawn Matthias wins face-off versus Zack Hamill in Knights zone.
15:58 of 3rd period - Backhand shot by Nikita Nikitin.
15:58 of 3rd period - Shot Misses the Net.
16:00 of 3rd period - Slapshot by James Wright.
16:00 of 3rd period - Goal by James Wright - Blackdemons : 7 - Knights : 3.
16:01 of 3rd period - Wayne Primeau wins face-off versus Zack Hamill in neutral zone.
16:06 of 3rd period - Slapshot by Jakub Kindl.
16:06 of 3rd period - Shot Misses the Net.
16:14 of 3rd period - Enver Lisin is hit by Zack Hamill and loses puck.
16:40 of 3rd period - Slapshot by Matt Hunwick.
16:40 of 3rd period - Stopped by Mark Dekanich without a rebound.
16:41 of 3rd period - Kyle Greentree wins face-off versus Wayne Primeau in Knights zone.
17:15 of 3rd period - Wrist shot by Chris Thorburn.
17:15 of 3rd period - Stopped by Chris Mason without a rebound.
17:16 of 3rd period - Wayne Primeau wins face-off versus James Wright in Blackdemons zone.
17:29 of 3rd period - Slapshot by Zbynek Michalek.
17:29 of 3rd period - Stopped by Chris Mason without a rebound.
17:30 of 3rd period - Zack Hamill wins face-off versus Wayne Primeau in Blackdemons zone.
17:34 of 3rd period - Minor Penalty to Zach Boychuk for High sticking.
17:35 of 3rd period - Zack Hamill wins face-off versus Enver Lisin in Blackdemons zone.
17:35 of 3rd period - Snap shot by Kyle Greentree.
17:35 of 3rd period - Stopped by Chris Mason with a rebound.
17:37 of 3rd period - Slapshot by Niklas Hjalmarsson.
17:37 of 3rd period - Shot Misses the Net.
17:41 of 3rd period - Backhand shot by Zack Hamill.
17:41 of 3rd period - Goal by Zack Hamill - Blackdemons : 7 - Knights : 4.
17:42 of 3rd period - Wayne Primeau wins face-off versus Zack Hamill in neutral zone.
17:51 of 3rd period - Snap shot by Zach Boychuk.
17:51 of 3rd period - Shot Misses the Net.
17:53 of 3rd period - Slapshot by Matt Irwin.
17:53 of 3rd period - Shot Misses the Net.
17:55 of 3rd period - Snap shot by Enver Lisin.
17:55 of 3rd period - Goal by Enver Lisin - Blackdemons : 8 - Knights : 4.
17:56 of 3rd period - Zack Hamill wins face-off versus Wayne Primeau in neutral zone.
18:42 of 3rd period - Backhand shot by Niklas Hjalmarsson.
18:42 of 3rd period - Stopped by Chris Mason with a rebound.
18:52 of 3rd period - Slapshot by Zbynek Michalek.
18:52 of 3rd period - Stopped by Chris Mason without a rebound.
18:53 of 3rd period - Zack Hamill wins face-off versus Wayne Primeau in Blackdemons zone.
19:30 of 3rd period - Snap shot by James Wright.
19:30 of 3rd period - Stopped by Chris Mason without a rebound.
19:31 of 3rd period - Wayne Primeau wins face-off versus Zack Hamill in Blackdemons zone.
19:44 of 3rd period - Snap shot by Enver Lisin.
19:44 of 3rd period - Stopped by Mark Dekanich with a rebound.
Goals for this period are 3 for Blackdemons vs 4 for Knights.
Shots for this period are 11 for Blackdemons vs 18 for Knights.
Back to the Top